 Dungeon Crawl Stone Soup version 0.31-a0-152-g6aa68a64a1 (webtiles) character file.

Game seed: 5749356141479766729

723 qw the Shooter (level 7, -1/66 HPs)
             Began as a Naga Hunter on June 9, 2023.
             Slain by a black bear (2 damage)
             ... on level 4 of the Dungeon.
             The game lasted 00:01:09 (3428 turns).

qw the Shooter (Naga Hunter)                        Turns: 3428, Time: 00:01:09

Health: -1/66      AC:  3    Str: 13    XL:     7   Next: 71%
Magic:  7/7        EV: 10    Int: 10    God:
Gold:   87         SH:  5    Dex: 16    Spells: 6/6 levels left

rFire   . . .        Y - +0 shortbow
rCold   + . .        (shield currently unavailable)
rNeg    . . .        c - +0 leather armour
rPois   +            (no helmet)
rElec   .            (no cloak)
rCorr   .            (no gloves)
SInv    +            (no barding)
Will    +....        e - amulet of reflection
Stlth   ++           d - ring of protection from cold
HPRegen 0.31/turn    i - ring of willpower
MPRegen 0.10/turn

%: reflection
@: about to teleport, short of breath, very slow
A: AC +2, large, see invisible, deformed body, poison resistance, slowness 2,
spit poison 1, naga tail 1
a: Spit Poison


You were on level 4 of the Dungeon.
You visited 1 branch of the dungeon, and saw 4 of its levels.

You collected 135 gold pieces.
You spent 48 gold pieces at shops.


Innate Abilities, Weirdness & Mutations

Your serpentine skin is tough. (AC +2)
You have supernaturally acute eyesight. (SInv)
Armour fits poorly on your strangely shaped body.
Your system is resistant to poisons. (rPois)
You cover ground very slowly.
You can spit poison.
You have a snake-like lower body.


   Skills:
 - Level 4.6 Fighting
 + Level 7.3 Ranged Weapons
 - Level 2.0 Dodging
 - Level 1.5 Stealth


You had 6 spell levels left.
You didn't know any spells.
Your spell library was empty.

Inventory:

Hand Weapons
 Y - a +0 shortbow (weapon)
Armour
 c - a +0 leather armour (worn)
Jewellery
 d - a ring of protection from cold (left hand)
 e - an amulet of reflection (around neck)
 i - a ring of willpower (right hand)
Scrolls
 j - a scroll of identify
 o - a scroll of immolation {unknown}
Potions
 b - a potion of berserk rage {unknown}
 f - a potion of curing
 g - a potion of brilliance {unknown}
 h - a potion of might {unknown}
 k - a potion of mutation {unknown}
 l - a potion of haste {unknown}
 m - a potion of invisibility {unknown}
 n - a potion of lignification {unknown}

Dungeon Overview and Level Annotations

Branches:
Dungeon (4/15)
 Temple: D:4-7

Altars:
Qazlal

Shops:
D:2 *

Annotations:
D:4 4 runed translucent doors


Message History

Press: ? - help, Shift-Dir - straight line, f/p - black bear The splash of poison misses the black bear.
The black bear closely misses you. x3
You shoot an arrow. The arrow hits the black bear!
The black bear is heavily wounded.
The black bear closely misses you. The black bear claws you. x2
You shoot an arrow. The arrow hits the black bear.
The black bear is severely wounded.
You have got your breath back.
The black bear goes berserk!
3424 ||| INVOKING Spit Poison.
Aiming: Spit Poison (1% risk of failure)
Press: ? - help, Shift-Dir - straight line, f/p - black bear The splash of poison hits the black bear but does no damage.
The black bear is severely wounded.
The black bear bites you. You block the black bear's attack.
The black bear claws you. The black bear bites you!
The black bear claws you but does no damage. x2
You shoot an arrow. The arrow hits the black bear.
The black bear is almost dead.
The black bear barely misses you. The black bear claws you.
You block the black bear's attack. x2; The black bear barely misses you.
The black bear claws you.
You shoot an arrow.
The arrow closely misses the black bear.
The black bear bites you! The black bear barely misses you.
The black bear claws you.
3427 ||| READING scroll of teleportation.
As you read the scroll of teleportation, it crumbles to dust.
You feel strangely unstable.
The black bear looks more healthy.
The black bear bites you! You block the black bear's attack.
The black bear claws you but does no damage.
The black bear barely misses you. You block the black bear's attack.
The black bear barely misses you.
You shoot an arrow.
The arrow hits the black bear but does no damage.
The black bear is almost dead.
The black bear bites you.
You die...

#.#.# #######
#.#.#.#####.....#
#...........###.#
#.#.###.#######
#.# ........# #.#
........##### #.#
.######.....# #.#
#...h##....# #.#
##@#....#####.#
#.##........#.#
##.'.##++##...#
#####8z.8##..#
#8....8#..#
#=....)#..#
#"....|#..#
#8....8#..#
###8..8##..#


You could see a black bear (berserk).

Vanquished Creatures
  Grinder (D:3)
  Sigmund (D:4)
  A phantom (D:3)
  A scorpion (D:3)
  A killer bee (D:4)
  A hound (D:4)
  An orc priest (D:4)
  5 adders
  An ufetubus (D:4)
  2 worms
  A dart slug (D:3)
  4 orcs (D:4)
  10 ball pythons
  7 bats
  6 endoplasms
  3 giant cockroaches
  7 goblins
  7 hobgoblins
  6 quokkas
  4 frilled lizards (D:2)
  5 kobolds
  2 rats
77 creatures vanquished.

Notes
Turn   | Place    | Note
-------+----------+-------------------------------------------
     0 | D:1      | qw the Naga Hunter began the quest for the Orb.
     0 | D:1      | Reached XP level 1. HP: 19/19 MP: 1/1
     0 | D:1      | 0 ||| qw: Version: 0.2-a-122-gbc61b45
     0 | D:1      | 0 ||| qw: Game counter: 3484
     0 | D:1      | 0 ||| qw: Always use a shield: true
     0 | D:1      | 0 ||| qw: God list: Okawaru
     0 | D:1      | 0 ||| qw: Allow faded altars: false
     0 | D:1      | 0 ||| qw: Do Orc after D:15 true
     0 | D:1      | 0 ||| qw: Do second Lair branch before Depths: true
     0 | D:1      | 0 ||| qw: Lair rune preference: random
     0 | D:1      | 0 ||| qw: Plans: Normal
     0 | D:1      | 0 ||| PLANNING D:1-11
    12 | D:1      | 12 ||| INVOKING Spit Poison.
    38 | D:1      | 38 ||| INVOKING Spit Poison.
    39 | D:1      | 39 ||| INVOKING Spit Poison.
    44 | D:1      | 44 ||| INVOKING Spit Poison.
   112 | D:1      | 112 ||| INVOKING Spit Poison.
   127 | D:1      | 127 ||| INVOKING Spit Poison.
   272 | D:1      | 272 ||| INVOKING Spit Poison.
   277 | D:1      | 277 ||| INVOKING Spit Poison.
   279 | D:1      | Reached skill level 4 in Ranged Weapons
   279 | D:1      | Reached XP level 2. HP: 10/26 MP: 2/2
   444 | D:1      | 444 ||| INVOKING Spit Poison.
   503 | D:1      | 503 ||| INVOKING Spit Poison.
   744 | D:1      | 744 ||| UPGRADING to amulet of reflection.
   749 | D:1      | 749 ||| UPGRADING to ring of protection from cold.
   750 | D:1      | 750 ||| UPGRADING to ring of willpower.
   751 | D:1      | 751 ||| READING scroll labelled DYIBASK XAGUCK.
   852 | D:1      | 852 ||| READING scroll labelled ABIGRUNOAT.
   853 | D:1      | 853 ||| READING scroll labelled QIOROJ UMOTWE.
   854 | D:1      | 854 ||| READING scroll labelled JUIQUNI NACIKI.
   855 | D:1      | 855 ||| DRINKING 2 golden potions.
   856 | D:1      | 856 ||| DROPPING scroll of butterflies.
   857 | D:1      | 857 ||| DROPPING potion of degeneration.
   908 | D:2      | 908 ||| INVOKING Spit Poison.
  1068 | D:2      | You fall into a shaft and drop 1 floor!
  1071 | D:3      | 1071 ||| INVOKING Spit Poison.
  1102 | D:3      | 1102 ||| INVOKING Spit Poison.
  1151 | D:3      | 1151 ||| INVOKING Spit Poison.
  1158 | D:3      | Noticed a phantom
  1167 | D:3      | HP: 5/26 [phantom (3)]
  1168 | D:3      | HP: 1/26 [phantom (5)]
  1170 | D:3      | Killed a phantom
  1171 | D:3      | Reached skill level 5 in Ranged Weapons
  1171 | D:3      | Reached XP level 3. HP: 2/32 MP: 3/3
  1171 | D:3      | Reached XP level 4. HP: 2/39 MP: 4/4
  1342 | D:3      | 1342 ||| INVOKING Spit Poison.
  1361 | D:3      | 1361 ||| INVOKING Spit Poison.
  1366 | D:3      | Noticed a scorpion
  1367 | D:3      | 1367 ||| INVOKING Spit Poison.
  1370 | D:3      | 1370 ||| INVOKING Spit Poison.
  1370 | D:3      | Killed a scorpion
  1371 | D:3      | Reached skill level 3 in Fighting
  1371 | D:3      | Reached XP level 5. HP: 41/49 MP: 5/5
  1431 | D:3      | 1431 ||| READING scroll labelled ASIAWI AKHITUU.
  1454 | D:2      | 1454 ||| INVOKING Spit Poison.
  1469 | D:2      | 1469 ||| INVOKING Spit Poison.
  1475 | D:2      | 1475 ||| INVOKING Spit Poison.
  1494 | D:2      | 1494 ||| INVOKING Spit Poison.
  1498 | D:2      | 1498 ||| INVOKING Spit Poison.
  1503 | D:2      | 1503 ||| INVOKING Spit Poison.
  1509 | D:2      | 1509 ||| INVOKING Spit Poison.
  1534 | D:2      | 1534 ||| INVOKING Spit Poison.
  1623 | D:2      | 1623 ||| INVOKING Spit Poison.
  1653 | D:2      | 1653 ||| INVOKING Spit Poison.
  1675 | D:2      | 1675 ||| INVOKING Spit Poison.
  1681 | D:2      | 1681 ||| INVOKING Spit Poison.
  1684 | D:2      | 1684 ||| INVOKING Spit Poison.
  1690 | D:2      | 1690 ||| INVOKING Spit Poison.
  1762 | D:2      | 1762 ||| INVOKING Spit Poison.
  1766 | D:2      | 1766 ||| INVOKING Spit Poison.
  1773 | D:2      | 1773 ||| INVOKING Spit Poison.
  1825 | D:2      | 1825 ||| INVOKING Spit Poison.
  1940 | D:2      | Found Syraanin's Assorted Antiques.
  1948 | D:2      | 1948 ||| BUYING scroll of identify (48 gold).
  1948 | D:2      | Bought a scroll of identify for 48 gold pieces
  1978 | D:2      | 1978 ||| INVOKING Spit Poison.
  1981 | D:2      | 1981 ||| INVOKING Spit Poison.
  2084 | D:2      | 2084 ||| INVOKING Spit Poison.
  2176 | D:2      | 2176 ||| INVOKING Spit Poison.
  2180 | D:2      | 2180 ||| INVOKING Spit Poison.
  2188 | D:2      | Found a stormy altar of Qazlal.
  2209 | D:2      | 2209 ||| READING 3 scrolls labelled HAIF FIUPPO.
  2214 | D:2      | 2214 ||| READING 2 scrolls of identify.
  2214 | D:2      | 2214 ||| IDENTIFYING blue potion
  2215 | D:2      | 2215 ||| DROPPING potion of ambrosia.
  2431 | D:3      | Noticed Grinder
  2447 | D:3      | HP: 7/49 [Grinder/nerve-wracking pain (9)]
  2448 | D:3      | 2448 ||| READING 2 scrolls of teleportation.
  2449 | D:3      | Killed Grinder
  2450 | D:3      | Reached skill level 6 in Ranged Weapons
  2450 | D:3      | Reached XP level 6. HP: 9/56 MP: 6/6
  2618 | D:3      | 2618 ||| INVOKING Spit Poison.
  2624 | D:3      | 2624 ||| INVOKING Spit Poison.
  2741 | D:3      | Found a faded altar of an unknown god.
  2903 | D:3      | 2903 ||| READING scroll labelled HUAWKO ITIE.
  2904 | D:3      | 2904 ||| READING 2 scrolls of identify.
  2904 | D:3      | 2904 ||| IDENTIFYING ruby potion
  2939 | D:4      | Noticed Sigmund
  2940 | D:4      | 2940 ||| INVOKING Spit Poison.
  2947 | D:4      | 2947 ||| INVOKING Spit Poison.
  2952 | D:4      | 2952 ||| INVOKING Spit Poison.
  2954 | D:4      | Killed Sigmund
  2955 | D:4      | Reached XP level 7. HP: 52/66 MP: 7/7
  3004 | D:4      | 3004 ||| INVOKING Spit Poison.
  3024 | D:4      | 3024 ||| INVOKING Spit Poison.
  3027 | D:4      | 3027 ||| INVOKING Spit Poison.
  3029 | D:4      | Reached skill level 7 in Ranged Weapons
  3036 | D:4      | 3036 ||| INVOKING Spit Poison.
  3037 | D:4      | 3037 ||| Stepping ~*~*~tactically~*~*~ (outnumbered).
  3042 | D:4      | 3042 ||| INVOKING Spit Poison.
  3049 | D:4      | 3049 ||| INVOKING Spit Poison.
  3052 | D:4      | 3052 ||| INVOKING Spit Poison.
  3113 | D:4      | 3113 ||| INVOKING Spit Poison.
  3117 | D:4      | 3117 ||| INVOKING Spit Poison.
  3124 | D:4      | 3124 ||| INVOKING Spit Poison.
  3196 | D:4      | 3196 ||| INVOKING Spit Poison.
  3211 | D:4      | 3211 ||| INVOKING Spit Poison.
  3214 | D:4      | Found a large runed translucent door.
  3220 | D:4      | Found a large runed translucent door.
  3227 | D:4      | Found a large runed translucent door.
  3227 | D:4      | Found a large runed translucent door.
  3228 | D:4      | 3228 ||| INVOKING Spit Poison.
  3235 | D:4      | 3235 ||| INVOKING Spit Poison.
  3302 | D:4      | 3302 ||| INVOKING Spit Poison.
  3309 | D:4      | 3309 ||| INVOKING Spit Poison.
  3312 | D:4      | 3312 ||| INVOKING Spit Poison.
  3318 | D:4      | 3318 ||| INVOKING Spit Poison.
  3391 | D:4      | 3391 ||| INVOKING Spit Poison.
  3418 | D:4      | 3418 ||| INVOKING Spit Poison.
  3421 | D:4      | 3421 ||| INVOKING Spit Poison.
  3424 | D:4      | 3424 ||| INVOKING Spit Poison.
  3426 | D:4      | HP: 15/66 [black bear (7)]
  3427 | D:4      | 3427 ||| READING scroll of teleportation.
  3427 | D:4      | HP: 1/66 [black bear (10)]
  3428 | D:4      | Slain by a black bear

Levels and vault maps discovered:
D:1:      psy_arrival_dodecagon, layout_loops_cross, kennysheep_small_spiral,
          nicolae_concentric_dashed_squares_mild
D:2:      minmay_recursive_quarters, layout_basic, serial_shops, shop,
          basic_altar
D:3:      layout_loops_ring, hellmonk_ecumenical_altar_inner_sanctum,
          uniq_grinder
D:4:      layout_loops_cross, hex_medium, minmay_hollow_rounded_squares,
          uniq_sigmund

Skill      XL: |  1  2  3  4  5  6  7 |
---------------+----------------------+-----
Ranged Weapons | 4 5 6 7 |  7.3
Fighting       | 3 4 |  4.6
Dodging        | 2 |  2.0
Stealth        | |  1.5

Action                     |  1- 3 |  4- 6 |  7- 9 || total
---------------------------+-------+-------+-------++-------
   Fire: Shortbow          |    34 |    90 |    60 ||   184
Ability: Spit Poison       |    13 |    32 |    22 ||    67
    Use: Scroll            |     4 |     6 |     1 ||    11
         Potion            |     1 |       |       ||     1
 Armour: Leather armour    |     2 |    18 |    12 ||    32
  Dodge: Dodged            |    11 |    22 |    26 ||    59
  Block: Other             |       |    16 |    18 ||    34

Table legend:
 A = Non-vault XP
 B = Vault XP
 C = Vault XP percentage of total XP
 D = Non-vault monster count
 E = Vault monster count
 F = Vault count percentage of total count
                 A         B        C        D         E       F
            +---------+---------+-------+---------+---------+-------
      Total |     428 |     606 |  58.6 |      61 |      16 |  20.8
            +---------+---------+-------+---------+---------+-------
        D:1 |      17 |       0 |   0.0 |      10 |       0 |   0.0
        D:2 |      59 |      32 |  35.2 |      23 |      10 |  30.3
        D:3 |     213 |     286 |  57.3 |      14 |       1 |   6.7
        D:4 |     139 |     288 |  67.4 |      14 |       5 |  26.3
            +---------+---------+-------+---------+---------+-------
